 Dungeon Crawl Stone Soup version 0.28.0-43-g3370ac3207 (webtiles) character file.

Game seed: 5089098341155736915

859 demenzo the Skirmisher (level 8, 0/88 HPs)
             Began as an Ogre Berserker on Feb 28, 2022.
             Was a Believer of Trog.
             Succumbed to a hornet's poison
             ... on level 4 of the Dungeon.
             The game lasted 00:09:10 (4795 turns).

demenzo the Skirmisher (Ogre Berserker)             Turns: 4795, Time: 00:09:11

Health: 0/88       AC: 12    Str: 24    XL:     8   Next: 2%
Magic:  8/8        EV: 10    Int:  8    God:    Trog [**....]
Gold:   827        SH:  5    Dex: 11    Spells: 7/7 levels left

rFire   + . .      SeeInvis .   k - +2 great mace (protect)
rCold   . . .      Faith    .   (shield currently unavailable)
rNeg    . . .      Spirit   .   b - +0 animal skin
rPois   .          Reflect  +   r - +2 hat of Patterns {rF+ Dex+3}
rElec   .          Harm     .   (no cloak)
rCorr   .          Rampage  .   (gloves unavailable)
Will    .....                   (boots unavailable)
Stlth   +.........              e - amulet of reflection
HPRegen 0.24/turn               (no ring)
MPRegen 0.11/turn               (no ring)

@: lethally poisoned (0 -> -11), under a protective aura, on berserk cooldown,
slowed, very slow
A: large, unfitting armour, tough skin 1
a: Renounce Religion, Berserk, Trog's Hand


You were on level 4 of the Dungeon.
You worshipped Trog.
Trog was pleased with you.
You visited 1 branch of the dungeon, and saw 4 of its levels.

You collected 827 gold pieces.

Inventory:

Hand Weapons
 a - a +0 mace
 k - a +2 great mace of protection (weapon)
 m - a +0 hunting sling
 n - a +2 flail of protection
 o - a +0 morningstar
Missiles
 d - 260 stones (quivered)
 l - 15 poisoned darts
 q - 29 sling bullets
Armour
 b - a +0 animal skin (worn)
 r - the +2 hat of Patterns (worn) {rF+ Dex+3}
   (You acquired it on level 3 of the Dungeon)

   Dex:       It affects your dexterity (+3).
   rF:        It protects you from fire.
Jewellery
 c - a ring of ice
 e - an amulet of reflection (around neck)
Wands
 f - a wand of polymorph (3)
Scrolls
 g - a scroll of identify {unknown}
 h - a scroll of brand weapon {unknown}
 j - a scroll of fog {unknown}
 p - 2 scrolls of teleportation
 s - a scroll of fear {unknown}
 t - a scroll of magic mapping {unknown}
Potions
 i - a potion of heal wounds {unknown}


   Skills:
 + Level 7.7 Fighting
 * Level 7.0 Maces & Flails
 - Level 3.0 Dodging


You had 7 spell levels left.
You didn't know any spells.
Your spell library was empty.

Dungeon Overview and Level Annotations

Branches:
Dungeon (4/15)
 Temple: D:4-7

Altars:
Vehumet
Wu Jian

Shops:
D:3 (

Annotations:
D:4 Grinder


Innate Abilities, Weirdness & Mutations

You are too large for most types of armour.
You have tough skin. (AC +1)


Message History

You feel sick. The hornet stings you.
You are more poisoned.
You feel as though you will be slow longer.
The hornet barely misses you.
Unknown command.
You bludgeon the hornet!!
Your weapon exudes an aura of protection.
The hornet is almost dead.
You feel very sick. The hornet barely misses you. The hornet stings you!
* * * LOW HITPOINT WARNING * * *
You suddenly lose the ability to move!
You feel sick.
The hornet stings you but does no damage.
The hornet stings you!
* * * LOW HITPOINT WARNING * * *
You feel as though you will be slow longer.
You feel sick. The hornet stings you.
* * * LOW HITPOINT WARNING * * *
You are lethally poisoned!
You feel as though you will be slow longer.
You can move again.
You closely miss the hornet.
The hornet is almost dead.
* * * LOW HITPOINT WARNING * * *
You feel very sick. The hornet stings you.
* * * LOW HITPOINT WARNING * * *
You feel as though you will be slow longer.
The hornet stings you.
* * * LOW HITPOINT WARNING * * *
You feel as though you will be slow longer.
You bludgeon the hornet!!
Your weapon exudes an aura of protection.
You kill the hornet!
Trog accepts your kill.
You are no longer berserk.
You are exhausted.
You feel as though you will be slow longer.
You die...

#...####.....#.####
.... #........##
#....<#...#
#######.### #.##
###..## #.....#
#.##..# #.#$@.#
#.......#
#....._...#
#..........#
#....⌠.....#
#..........#
##._.......#
#........##


There were no monsters in sight!

Vanquished Creatures
  A hornet (D:4)
  Sigmund (D:3)
  A phantom (D:4)
  3 kobold brigands (D:3)
  A scorpion (D:4)
  An orc priest (D:3)
  Ijyb (D:3)
  An iguana (D:4)
  An orc wizard (D:3)
  Natasha (D:4)
  12 gnolls (D:3)
  4 adders
  8 orcs (D:3)
  4 ball pythons
  2 endoplasms
  A goblin (D:3)
  8 hobgoblins
  2 jackals (D:4)
  36 kobolds
  4 rats
93 creatures vanquished.

Vanquished Creatures (others)
  A kobold (D:4)
1 creature vanquished.

Grand Total: 94 creatures vanquished

Notes
Turn   | Place    | Note
-------+----------+-------------------------------------------
     0 | D:1      | demenzo the Ogre Berserker began the quest for the Orb.
     0 | D:1      | Reached XP level 1. HP: 24/24 MP: 1/1
    24 | D:1      | Found a faded altar of an unknown god.
   835 | D:2      | Reached XP level 2. HP: 30/32 MP: 2/2
  1718 | D:3      | Reached XP level 3. HP: 36/40 MP: 3/3
  1765 | D:3      | Noticed Ijyb
  1780 | D:3      | Killed Ijyb
  1783 | D:3      | Reached XP level 4. HP: 49/49 MP: 4/4
  1786 | D:3      | Reached skill level 5 in Fighting
  1798 | D:3      | Reached XP level 5. HP: 28/57 MP: 5/5
  1811 | D:3      | Noticed Sigmund
  1837 | D:4      | Noticed Natasha
  1840 | D:4      | Found a radiant altar of Vehumet.
  1842 | D:4      | Identified 3 scrolls of acquirement
  1842 | D:4      | Acquired 494 gold pieces
  1843 | D:4      | HP: 2/57 [jackal (2)]
  2156 | D:4      | Noticed a phantom
  2163 | D:4      | Killed a phantom
  2222 | D:4      | Noticed a steam dragon
  2233 | D:4      | Noticed Grinder
  2488 | D:3      | Found Kenoaqit's Weapon Boutique.
  2563 | D:3      | Killed Sigmund
  2564 | D:3      | Reached skill level 5 in Maces & Flails
  2564 | D:3      | Reached XP level 6. HP: 68/68 MP: 6/6
  3098 | D:3      | Reached XP level 7. HP: 69/76 MP: 7/7
  3376 | D:3      | Reached ** piety under Trog
  4371 | D:3      | Acquired the +2 hat of Patterns {rF+ Dex+3}
  4377 | D:3      | Acquired a +2 great mace of protection
  4387 | D:4      | Killed Natasha
  4473 | D:4      | Reached XP level 8. HP: 34/88 MP: 8/8
  4781 | D:4      | Noticed a hornet
  4782 | D:4      | Found an ornate altar of the Wu Jian Council.
  4786 | D:4      | Paralysed by a hornet for 2 turns
  4791 | D:4      | Paralysed by a hornet for 3 turns
  4794 | D:4      | HP: 4/132 [hornet (4)]
  4795 | D:4      | Killed a hornet
  4795 | D:4      | Succumbed to a hornet's poison

Illustrated notes

Levels and vault maps discovered:
D:1:      ebering_trefoil_3fold, layout_loops_ring,
          ebering_ecumenical_altar_rust
D:2:      layout_basic
D:3:      minmay_goblin_kobold_castle, layout_loops_ring, serial_shops,
          nicolae_shop_bloodbath_and_beyond, uniq_ijyb, uniq_sigmund
D:4:      layout_rooms, grunt_temple_overflow_open, grunt_ministairs_15,
          uniq_natasha, uniq_grinder

Skill      XL: |  1  2  3  4  5  6  7 |
---------------+----------------------+-----
Maces & Flails | 3 4 5 7 |  7.0
Dodging        | 3 |  3.0
Fighting       | 5 6 7 |  7.7

Action                   |  1- 3 |  4- 6 |  7- 9 || total
-------------------------+-------+-------+-------++-------
Melee: Mace              |    53 |    46 |       ||    99
       Punch             |     1 |       |     3 ||     4
       Flail             |       |    17 |   135 ||   152
       Great mace        |       |       |    29 ||    29
Invok: Berserk           |     2 |     3 |     4 ||     9
  Use: Scroll            |       |     4 |     2 ||     6
       Potion            |       |     3 |       ||     3
Armor: Animal skin       |    13 |    26 |    83 ||   122
       Skin              |     4 |    12 |       ||    16
Dodge: Dodged            |    18 |    27 |    95 ||   140
Block: Other             |       |     7 |    56 ||    63
       Reflection        |       |     1 |     1 ||     2
